[Event "42nd Olympiad Baku 2016 Open"]
[Site "Baku"]
[Date "2016.09.04"]
[Round "3.26"]
[White "Bello, Gassan"]
[Black "Gretarsson, Hjorvar Steinn"]
[Result "0-1"]
[ECO "B23"]
[WhiteElo "2096"]
[BlackElo "2547"]
[Annotator ""]
[PlyCount "78"]
[EventDate "2016.??.??"]
[EventCountry "AZE"]
[SourceTitle "playchess.com"]
[Source "ChessBase"]
[WhiteTeam "Syria"]
[BlackTeam "Iceland"]
[WhiteTeamCountry "SYR"]
[BlackTeamCountry "ISL"]
[TimeControl "40/5400+30:1800+30"]

1. e4 {(00:00)} c5 {(00:00)} 2. Nc3 {(00:00)} a6 {(
00:08)} 3. g3 {(00:22)} b5 {(00:50)} 4. Bg2 {(00:09)} Bb7
{(00:06)} 5. d3 {(00:17)} e6 {(00:05)} 6. f4 {(05:
41)} d5 {(00:24)} 7. e5 {(04:38)} h5 {(00:07)} 8. Nf3 {
(04:12)} Nh6 {(01:07)} 9. O-O {(01:23)} Nf5 {(00:
53)} 10. Ne2 {(05:27)} Nc6 {(01:00)} 11. c3 {(07:44)} Be7
{(03:21)} 12. d4 {(03:27)} Qb6 {(01:11)} 13. Qd3 {(
15:09)} a5 {(01:59)} 14. Be3 {(03:47)} b4 {(04:37)} 15.
Rfd1 {(07:51)} a4 {(18:52)} 16. dxc5 {(14:22)} Qa6 {
(07:11)} 17. Bf2 {(03:04)} a3 {(02:12)} 18. Qd2 {(
04:51)} bxc3 {(05:04)} 19. Nxc3 {(06:05)} Qa5 {(00:29)}
20. Bf1 {(04:10)} Bxc5 {(02:14)} 21. Nb5 {(00:31)} Bxf2+ {
(01:35)} 22. Qxf2 {(01:03)} axb2 {(00:46)} 23. Rab1 {
(00:48)} O-O {(01:54)} 24. Rxb2 {(00:10)} Ba6 {(03:
10)} 25. Rdb1 {(02:15)} Rfc8 {(02:55)} 26. Bd3 {(00:28)}
Nce7 {(00:46)} 27. Qe2 {(01:56)} Bxb5 {(02:42)} 28. Bxb5 {
(00:39)} Qc3 {(00:27)} 29. a4 {(00:29)} d4 {(01:30]
} 30. Ng5 {(00:25)} h4 {(05:03)} 31. Ne4 {(00:51)} Qc7 {
(02:14)} 32. g4 {(00:43)} Ne3 {(00:07)} 33. Nd6 {(
00:27)} Rcb8 {(02:18)} 34. Qf3 {(01:46)} N7d5 {(01:25)}
35. f5 {(01:32)} d3 {(03:37)} 36. fxe6 {(00:24)} fxe6 {
(00:16)} 37. Rb3 {(00:51)} Rf8 {(03:44)} 38. Qe4 {(
00:26)} d2 {(00:32)} 39. Bd3 {(00:09)} Qc1+ {(00:19)} 0-1

[Event "42nd Olympiad Baku 2016 Open"]
[Site "Baku"]
[Date "2016.09.04"]
[Round "3.27"]
[White "Belouadah, Saad"]
[Black "Kulpruethanon, Thanadon"]
[Result "1-0"]
[ECO "D10"]
[WhiteElo "2340"]
[BlackElo "2235"]
[Annotator ""]
[PlyCount "143"]
[EventDate "2016.??.??"]
[EventCountry "AZE"]
[SourceTitle "playchess.com"]
[Source "ChessBase"]
[WhiteTeam "Algeria"]
[BlackTeam "Thailand"]
[WhiteTeamCountry "ALG"]
[BlackTeamCountry "THA"]
[TimeControl "40/5400+30:1800+30"]

1. d4 {(00:00)} d5 {(00:00)} 2. c4 {(00:00)} c6 {(
00:00)} 3. cxd5 {(00:40)} cxd5 {(00:00)} 4. Nc3 {(00:05)}
Nf6 {(00:00)} 5. Bf4 {(00:11)} Nc6 {(00:16)} 6. e3 {
(00:09)} a6 {(00:15)} 7. Bd3 {(00:32)} Bg4 {(00:22]
} 8. Nge2 {(03:38)} e6 {(00:38)} 9. f3 {(02:19)} Bh5 {
(00:52)} 10. a3 {(03:21)} Bd6 {(01:16)} 11. Rc1 {(
00:58)} Bg6 {(02:18)} 12. Na4 {(01:43)} Bxd3 {(05:44)} 13.
Qxd3 {(00:05)} Bxf4 {(00:26)} 14. exf4 {(01:50)} Nd7 {
(05:51)} 15. O-O {(03:46)} Qf6 {(08:52)} 16. b4 {(
01:44)} O-O {(01:01)} 17. Nc5 {(00:14)} Nxc5 {(00:17)} 18.
bxc5 {(00:18)} Rac8 {(05:45)} 19. Rb1 {(00:28)} Rc7 {
(00:06)} 20. Qd2 {(02:55)} g6 {(09:40)} 21. g3 {(
11:03)} Rd8 {(02:04)} 22. Rb6 {(02:20)} Rdd7 {(00:34)} 23.
Kg2 {(09:23)} Kg7 {(01:46)} 24. Rd1 {(01:32)} h6 {(
03:03)} 25. g4 {(04:26)} Kf8 {(15:23)} 26. Ng3 {(08:13)}
Ke8 {(01:44)} 27. g5 {(06:08)} Qh8 {(03:00)} 28. h4 {
(00:29)} h5 {(00:50)} 29. Ne2 {(01:20)} Kf8 {(06:
39)} 30. Rdb1 {(09:06)} Kg8 {(00:49)} 31. R1b3 {(00:44)}
Kh7 {(00:29)} 32. Rd3 {(02:35)} Qc8 {(05:30)} 33. Rb1 {
(02:58)} Ne7 {(00:26)} 34. Rb2 {(00:39)} Nf5 {(00:
20)} 35. Qe1 {(01:45)} Re7 {(03:00)} 36. Rdb3 {(01:16)}
Qh8 {(00:14)} 37. Qf2 {(00:15)} Qe8 {(01:28)} 38. Nc1 {
(00:32)} Qa4 {(01:16)} 39. Rd3 {(02:09)} Qc4 {(08:
12)} 40. Qd2 {(00:00)} Qa4 {(00:00)} 41. Rb4 {(09:36)} Qd7
{(10:35)} 42. Qf2 {(00:18)} Rc6 {(01:03)} 43. Rdb3 {
(00:14)} Rc7 {(10:39)} 44. Nd3 {(03:01)} Qe8 {(00:
15)} 45. Ne5 {(00:53)} Qf8 {(01:24)} 46. Qe1 {(20:19)} f6
{(04:27)} 47. gxf6 {(01:45)} Qxf6 {(00:07)} 48. Kh3 {
(00:14)} Ng7 {(07:16)} 49. Qg3 {(00:29)} Nf5 {(00:
43)} 50. Qg5 {(00:23)} Qg7 {(01:47)} 51. Rd3 {(01:28)} Nh6
{(00:26)} 52. Rb6 {(00:25)} Nf7 {(00:55)} 53. Nxf7 {
(00:16)} Rxf7 {(03:19)} 54. Rxe6 {(00:06)} Rf5 {(
00:22)} 55. Qd8 {(01:12)} Rcf7 {(02:13)} 56. Kg3 {(01:02)}
Qh6 {(00:43)} 57. Qd6 {(00:08)} Rxf4 {(00:41)} 58. Qxd5 {
(00:29)} R4f5 {(00:14)} 59. Qe4 {(02:58)} Qc1 {(00:
12)} 60. Qe1 {(00:48)} Qf4+ {(00:22)} 61. Kg2 {(00:10)} g5
{(01:32)} 62. Re4 {(02:21)} Qc7 {(00:18)} 63. Qg3 {
(04:39)} Qd8 {(00:48)} 64. Rde3 {(02:34)} gxh4 {(
00:20)} 65. Qxh4 {(00:39)} Rg7+ {(00:32)} 66. Kf2 {(00:22]
} Rfg5 {(00:34)} 67. Re7 {(00:54)} Rg2+ {(00:32)} 68. Kf1
{(00:07)} Rg1+ {(00:40)} 69. Ke2 {(00:07)} R1g2+ {(
00:32)} 70. Kd3 {(00:09)} R2g5 {(00:27)} 71. R3e5 {(01:08]
} Rxe7 {(00:33)} 72. Qxg5 {(00:07)} 1-0

[Event "42nd Olympiad Baku 2016 Open"]
[Site "Baku"]
[Date "2016.09.04"]
[Round "3.2"]
[White "Berend, Fred"]
[Black "Colindres, Daniel"]
[Result "1-0"]
[ECO "E97"]
[WhiteElo "2328"]
[BlackElo "2166"]
[Annotator ""]
[PlyCount "65"]
[EventDate "2016.??.??"]
[EventCountry "AZE"]
[SourceTitle "playchess.com"]
[Source "ChessBase"]
[WhiteTeam "Luxembourg"]
[BlackTeam "Honduras"]
[WhiteTeamCountry "LUX"]
[BlackTeamCountry "HON"]
[TimeControl "40/5400+30:1800+30"]

1. d4 {(00:00)} Nf6 {(00:00)} 2. c4 {(00:00)} g6 {(
00:01)} 3. Nc3 {(00:00)} Bg7 {(00:05)} 4. e4 {(00:00)} d6
{(00:05)} 5. Be2 {(00:00)} O-O {(02:30)} 6. Nf3 {(
00:00)} e5 {(00:10)} 7. O-O {(00:02)} Nc6 {(00:03)} 8. d5
{(00:03)} Ne7 {(00:05)} 9. Nd2 {(00:05)} Ne8 {(06:
04)} 10. b4 {(00:36)} f5 {(01:42)} 11. c5 {(01:37)} Bh6 {
(01:35)} 12. Nc4 {(03:15)} Bxc1 {(01:18)} 13. Rxc1 {
(00:08)} g5 {(03:00)} 14. Qb3 {(13:00)} Kg7 {(07:
05)} 15. Rfd1 {(09:55)} f4 {(02:35)} 16. Rd3 {(04:16)} g4
{(07:15)} 17. Qb2 {(12:58)} Rf6 {(01:58)} 18. Nb5 {
(12:58)} Ng6 {(04:26)} 19. Bd1 {(14:46)} a6 {(11:
40)} 20. Nc3 {(01:45)} Nh4 {(03:40)} 21. Na4 {(08:14)}
Nxg2 {(13:18)} 22. Kxg2 {(00:49)} f3+ {(00:28)} 23. Kf1 {
(01:34)} Rh6 {(13:59)} 24. cxd6 {(03:07)} cxd6 {(
01:32)} 25. Nxe5 {(01:09)} Nf6 {(02:18)} 26. Rxc8 {(03:29]
} Rxc8 {(00:55)} 27. Nxg4 {(00:48)} Rg6 {(04:58)} 28. Nxf6
{(03:05)} Rxf6 {(00:26)} 29. Rxf3 {(00:53)} Rc4 {(
04:18)} 30. Nb6 {(02:15)} Rc7 {(02:10)} 31. Rg3+ {(02:07)}
Kf8 {(00:22)} 32. Bg4 {(00:30)} Kf7 {(00:32)} 33. Be6+ 1-0

[Event "42nd Olympiad Baku 2016 Open"]
[Site "Baku"]
[Date "2016.09.04"]
[Round "3.16"]
[White "Bersamina, Paulo"]
[Black "Adesina, Adeyinka"]
[Result "0-1"]
[ECO "B23"]
[WhiteElo "2408"]
[BlackElo "2259"]
[Annotator ""]
[PlyCount "94"]
[EventDate "2016.??.??"]
[EventCountry "AZE"]
[SourceTitle "playchess.com"]
[Source "ChessBase"]
[WhiteTeam "Philippines"]
[BlackTeam "Nigeria"]
[WhiteTeamCountry "PHI"]
[BlackTeamCountry "NGR"]
[TimeControl "40/5400+30:1800+30"]

1. e4 c5 2. Nc3 d6 3. f4 Nc6 4. Bb5 Bd7 5. Nf3 a6 6. Bxc6 Bxc6 7. d4 b5 8. d5
Bb7 9. O-O Nf6 10. Nd2 g6 11. Qf3 Qc7 12. a4 b4 13. Nd1 Bg7 14. Ne3 O-O 15. g4
e6 16. Ndc4 exd5 17. Nxd5 Nxd5 18. exd5 f5 19. h3 Rae8 20. c3 a5 21. Bd2 Ba6
22. b3 Bxc4 23. bxc4 Qd7 24. g5 Re4 25. Qd3 Rfe8 26. Rf3 Qb7 27. Rc1 Qa6 28.
cxb4 axb4 29. Qb3 Ra8 30. Kf1 Qxa4 31. Qb1 Qa2 32. Qc2 Qxc2 33. Rxc2 Bd4 34.
Kg2 Re2+ 35. Kg3 Ra1 36. Kh4 Rd1 37. Ra2 Rdxd2 38. Ra8+ Kf7 39. Kg3 Rg2+ 40.
Kh4 Bf2+ 41. Rxf2 Rgxf2 42. Kg3 Rfe2 43. Rb8 Rc2 44. Rb6 Rxc4 45. Rxd6 b3 46.
Rb6 Rb4 47. Rf6+ Ke8 0-1

[Event "42nd Olympiad Baku 2016 Open"]
[Site "Baku"]
[Date "2016.09.04"]
[Round "3.2"]
[White "Blomqvist, Erik"]
[Black "Kovalenko, Igor"]
[Result "0-1"]
[ECO "C49"]
[WhiteElo "2545"]
[BlackElo "2651"]
[Annotator ""]
[PlyCount "84"]
[EventDate "2016.??.??"]
[EventCountry "AZE"]
[SourceTitle "playchess.com"]
[Source "ChessBase"]
[WhiteTeam "Sweden"]
[BlackTeam "Latvia"]
[WhiteTeamCountry "SWE"]
[BlackTeamCountry "LAT"]
[TimeControl "40/5400+30:1800+30"]

1. e4 {(00:00)} e5 {(00:00)} 2. Nf3 {(00:00)} Nc6 {
(00:00)} 3. Nc3 {(00:00)} Nf6 {(00:00)} 4. Bb5 {(
00:00)} Bb4 {(00:07)} 5. O-O {(00:16)} O-O {(00:16)} 6. d3
{(00:11)} d6 {(00:49)} 7. Ne2 {(00:28)} Ne7 {(00:
04)} 8. c3 {(00:29)} Ba5 {(00:04)} 9. Ng3 {(00:36)} c6 {
(00:19)} 10. Ba4 {(00:08)} Ng6 {(00:16)} 11. d4 {(
01:31)} Re8 {(01:25)} 12. Bc2 {(03:35)} h6 {(01:29)} 13.
h3 {(03:29)} Be6 {(00:52)} 14. Be3 {(02:30)} Bb6 {(
02:28)} 15. Re1 {(05:17)} Qc7 {(00:11)} 16. Bd3 {(15:13)}
Rad8 {(03:15)} 17. Qc2 {(00:32)} Qc8 {(07:11)} 18. Rad1 {
(02:09)} Kh8 {(09:36)} 19. Bf1 {(03:25)} Bc7 {(18:
36)} 20. b4 {(11:32)} Qb8 {(12:27)} 21. c4 {(06:02)} d5 {
(02:35)} 22. exd5 {(09:45)} cxd5 {(00:29)} 23. dxe5 {
(00:11)} Nxe5 {(00:04)} 24. Nxe5 {(02:06)} Bxe5 {(
00:04)} 25. Bxa7 {(01:13)} Qxa7 {(00:07)} 26. Rxe5 {(00:
06)} dxc4 {(00:10)} 27. Rxd8 {(15:50)} Rxd8 {(00:03)} 28.
Ne2 {(01:12)} Qb8 {(05:36)} 29. Rb5 {(01:51)} b6 {(
00:53)} 30. f4 {(05:04)} Qd6 {(03:13)} 31. a3 {(02:16)}
Nd5 {(03:51)} 32. Qd2 {(05:16)} f6 {(01:20)} 33. Qd4 {
(03:40)} Bf7 {(06:34)} 34. Qxc4 {(00:35)} Be8 {(00:
37)} 35. Rxd5 {(00:17)} Qxd5 {(00:03)} 36. Qc7 {(00:40)}
Ra8 {(01:11)} 37. Qxb6 {(00:10)} Rxa3 {(00:06)} 38. Kh2 {
(00:26)} Qe4 {(01:54)} 39. b5 {(00:32)} Re3 {(02:
10)} 40. Qd6 {(00:00)} Bxb5 {(00:00)} 41. Ng3 {(05:33)}
Rxg3 {(04:40)} 42. Qb8+ {(01:14)} Kh7 {(00:08)} 0-1

[Event "42nd Olympiad Baku 2016 Open"]
[Site "Baku"]
[Date "2016.09.04"]
[Round "3.33"]
[White "Bogner, Sebastian"]
[Black "Rakotomaharo, Fy Antenaina"]
[Result "1-0"]
[ECO "B32"]
[WhiteElo "2559"]
[BlackElo "2439"]
[Annotator ""]
[PlyCount "73"]
[EventDate "2016.??.??"]
[EventCountry "AZE"]
[SourceTitle "playchess.com"]
[Source "ChessBase"]
[WhiteTeam "Switzerland"]
[BlackTeam "Madagascar"]
[WhiteTeamCountry "SUI"]
[BlackTeamCountry "MAD"]
[TimeControl "40/5400+30:1800+30"]

1. e4 {(00:00)} c5 {(01:01)} 2. Nf3 {(00:00)} Nc6 {
(00:04)} 3. d4 {(00:01)} cxd4 {(00:06)} 4. Nxd4 {(
00:03)} e5 {(00:07)} 5. Nb5 {(00:39)} d6 {(00:06)} 6. N1c3
{(03:09)} a6 {(00:11)} 7. Na3 {(00:04)} Be7 {(00:
05)} 8. Nd5 {(04:31)} Nf6 {(00:09)} 9. Nxf6+ {(02:07)}
Bxf6 {(00:27)} 10. Nc4 {(00:01)} Be7 {(21:50)} 11. Be3 {
(01:09)} Be6 {(00:10)} 12. Nb6 {(02:25)} Rb8 {(00:
07)} 13. Nd5 {(09:04)} O-O {(04:28)} 14. Be2 {(05:18)} b5
{(26:51)} 15. Qd2 {(00:48)} Bxd5 {(03:21)} 16. Qxd5 {
(12:15)} Nd4 {(09:34)} 17. Bd3 {(09:52)} Ne6 {(04:
48)} 18. O-O {(02:05)} Bg5 {(07:08)} 19. Bxg5 {(09:59)}
Qxg5 {(00:06)} 20. g3 {(03:59)} Nf4 {(12:29)} 21. Qxd6 {
(04:55)} Rbe8 {(00:07)} 22. Rfd1 {(12:43)} Re6 {(
05:41)} 23. Qc5 {(03:49)} Nh3+ {(01:33)} 24. Kg2 {(00:01)}
Rh6 {(00:51)} 25. Qe3 {(01:09)} Nf4+ {(00:33)} 26. Kf1 {
(02:39)} Rxh2 {(00:33)} 27. gxf4 {(00:15)} exf4 {(
00:31)} 28. Qf3 {(00:34)} f5 {(00:26)} 29. exf5 {(01:14)}
Qh4 {(00:25)} 30. Be4 {(01:06)} Re8 {(00:18)} 31. Bd5+ {
(04:15)} Kh8 {(00:37)} 32. Rd3 {(00:31)} h6 {(00:
44)} 33. Re1 {(00:24)} Rd8 {(00:21)} 34. Bc6 {(01:52)}
Rxd3 {(00:41)} 35. cxd3 {(00:08)} Kh7 {(00:06)} 36. f6 {
(00:29)} Qxf6 {(00:09)} 37. Qe4+ {(00:11)} 1-0

[Event "42nd Olympiad Baku 2016 Open"]
[Site "Baku"]
[Date "2016.09.04"]
[Round "3.1"]
[White "Bologan, Victor"]
[Black "Karjakin, Sergey"]
[Result "1/2-1/2"]
[ECO "C67"]
[WhiteElo "2648"]
[BlackElo "2769"]
[Annotator ""]
[PlyCount "80"]
[EventDate "2016.??.??"]
[EventCountry "AZE"]
[SourceTitle "playchess.com"]
[Source "ChessBase"]
[WhiteTeam "Moldova"]
[BlackTeam "Russia"]
[WhiteTeamCountry "MDA"]
[BlackTeamCountry "RUS"]
[TimeControl "40/5400+30:1800+30"]

1. e4 {(00:00)} e5 {(00:00)} 2. Nf3 {(00:00)} Nc6 {
(00:00)} 3. Bb5 {(00:00)} Nf6 {(00:00)} 4. O-O {(
00:20)} Nxe4 {(00:00)} 5. d4 {(00:09)} Nd6 {(00:03)} 6.
Bxc6 {(00:05)} dxc6 {(00:04)} 7. dxe5 {(00:06)} Nf5 {
(00:04)} 8. Qxd8+ {(00:09)} Kxd8 {(00:05)} 9. Rd1+ {
(00:43)} Ke8 {(00:08)} 10. Nc3 {(00:07)} Ne7 {(00:
37)} 11. h3 {(02:06)} Ng6 {(00:55)} 12. Ne2 {(03:58)} Be7
{(01:56)} 13. Nf4 {(07:02)} Nxf4 {(15:54)} 14. Bxf4 {
(00:38)} c5 {(00:17)} 15. c4 {(14:34)} h5 {(25:02)}
16. Ng5 {(10:48)} Bf5 {(06:34)} 17. f3 {(03:42)} h4 {
(01:07)} 18. Kf2 {(05:24)} Rh6 {(07:39)} 19. Ne4 {(
04:48)} Rb6 {(00:12)} 20. Rd2 {(02:31)} Rd8 {(05:06)} 21.
Rxd8+ {(05:13)} Bxd8 {(00:09)} 22. b3 {(00:07)} Bxe4 {
(00:07)} 23. fxe4 {(00:05)} a5 {(00:05)} 24. Rd1 {(
14:47)} a4 {(00:32)} 25. Rd3 {(00:10)} Ra6 {(01:00)} 26.
Kf3 {(01:22)} axb3 {(00:05)} 27. axb3 {(00:07)} Ra2 {
(02:31)} 28. g4 {(03:40)} hxg3 {(01:50)} 29. Kxg3 {
(00:24)} c6 {(01:19)} 30. h4 {(07:56)} g6 {(07:31)}
31. Kg4 {(01:46)} Re2 {(02:37)} 32. h5 {(05:26)} gxh5+ {
(00:11)} 33. Kxh5 {(00:07)} Rxe4 {(04:00)} 34. Kg4 {
(02:52)} Rd4 {(00:08)} 35. Rh3 {(00:36)} b5 {(00:
41)} 36. Kf5 {(01:19)} bxc4 {(00:37)} 37. bxc4 {(00:06)}
Rxc4 {(00:04)} 38. Rh8+ {(01:30)} Kd7 {(00:02)} 39. Rh7 {
(00:13)} Ke8 {(00:07)} 40. Rh8+ {(00:00)} Kd7 {(00:
00] Ke4} 1/2-1/2

[Event "42nd Olympiad Baku 2016 Open"]
[Site "Baku"]
[Date "2016.09.04"]
[Round "3.23"]
[White "Brunello, Sabino"]
[Black "Yilmaz, Mustafa"]
[Result "1/2-1/2"]
[ECO "A77"]
[WhiteElo "2568"]
[BlackElo "2616"]
[Annotator ""]
[PlyCount "91"]
[EventDate "2016.??.??"]
[EventCountry "AZE"]
[SourceTitle "playchess.com"]
[Source "ChessBase"]
[WhiteTeam "Italy"]
[BlackTeam "Turkey"]
[WhiteTeamCountry "ITA"]
[BlackTeamCountry "TUR"]
[TimeControl "40/5400+30:1800+30"]

1. d4 {(00:00)} Nf6 {(00:00)} 2. c4 {(00:00)} e6 {(
00:00)} 3. Nf3 {(00:03)} c5 {(00:00)} 4. d5 {(00:28)} d6 {
(00:00)} 5. Nc3 {(00:06)} exd5 {(00:07)} 6. cxd5 {(
00:05)} g6 {(00:05)} 7. e4 {(00:43)} Bg7 {(00:26)} 8. Be2
{(00:11)} O-O {(00:06)} 9. O-O {(00:05)} Re8 {(00:
28)} 10. Nd2 {(01:35)} Nbd7 {(01:13)} 11. a4 {(01:30)} Ne5
{(00:24)} 12. Ra3 {(03:48)} a6 {(00:12)} 13. Re1 {(
06:44)} Bg4 {(02:23)} 14. f3 {(01:52)} Bd7 {(00:57)} 15.
Nf1 {(00:43)} c4 {(03:41)} 16. a5 {(01:48)} b5 {(
02:43)} 17. axb6 {(02:10)} Qxb6+ {(00:05)} 18. Kh1 {(00:
15)} Nh5 {(04:34)} 19. g4 {(09:00)} Nf6 {(04:33)} 20. Ne3
{(02:50)} Bb5 {(10:20)} 21. Nc2 {(01:33)} Rec8 {(
13:30)} 22. Be3 {(04:24)} Qb7 {(03:17)} 23. Nd4 {(04:38)}
Be8 {(02:47)} 24. Qd2 {(01:20)} Nfd7 {(03:32)} 25. Rg1 {
(11:26)} Nc5 {(04:36)} 26. Bh6 {(02:42)} Bh8 {(08:
21)} 27. Nf5 {(03:22)} Qc7 {(00:57)} 28. Ne3 {(14:45)}
Rab8 {(04:33)} 29. Ra2 {(07:14)} Rb7 {(05:22)} 30. f4 {
(02:35)} Ned3 {(02:57)} 31. Nxc4 {(01:58)} Nf2+ {(
02:14)} 32. Kg2 {(00:01)} Nfxe4 {(00:45)} 33. Nxe4 {(00:
35)} Nxe4 {(00:02)} 34. Qe3 {(01:31)} Nf6 {(02:52)} 35.
Na5 {(02:22)} Rb4 {(02:21)} 36. Bf3 {(05:26)} Rb5 {
(02:02)} 37. Qd2 {(01:52)} Qc2 {(09:14)} 38. b4 {(
00:24)} Qxd2+ {(00:47)} 39. Rxd2 {(00:01)} Rxb4 {(02:15)}
40. Nc6 {(00:00)} Bxc6 {(00:00)} 41. dxc6 {(00:50)} Bg7 {
(09:59)} 42. Bxg7 {(11:16)} Kxg7 {(02:01)} 43. Rxd6 {
(00:51)} Ne4 {(03:08)} 44. Bxe4 {(01:17)} Rxe4 {(
00:05)} 45. Rc1 {(00:35)} Re7 {(06:50)} 46. c7 {(10:45)}
1/2-1/2

[Event "42nd Olympiad Baku 2016 Open"]
[Site "Baku"]
[Date "2016.09.04"]
[Round "3.39"]
[White "Buhmann, Rainer"]
[Black "Korobov, Anton"]
[Result "1/2-1/2"]
[ECO "D12"]
[WhiteElo "2640"]
[BlackElo "2675"]
[Annotator ""]
[PlyCount "138"]
[EventDate "2016.??.??"]
[EventCountry "AZE"]
[SourceTitle "playchess.com"]
[Source "ChessBase"]
[WhiteTeam "Germany"]
[BlackTeam "Ukraine"]
[WhiteTeamCountry "GER"]
[BlackTeamCountry "UKR"]
[TimeControl "40/5400+30:1800+30"]

1. d4 {(00:00)} d5 {(00:00)} 2. c4 {(00:00)} c6 {(
00:00)} 3. Nf3 {(00:00)} Nf6 {(00:00)} 4. e3 {(00:12)} Bf5
{(00:13)} 5. Nc3 {(00:17)} e6 {(00:21)} 6. Nh4 {(
00:30)} Be4 {(00:18)} 7. f3 {(00:23)} Bg6 {(00:06)} 8. Qb3
{(00:20)} Qc7 {(00:12)} 9. Bd2 {(00:46)} Nbd7 {(00:
24)} 10. g3 {(04:11)} Be7 {(04:02)} 11. cxd5 {(01:10)}
Nxd5 {(07:05)} 12. Nxg6 {(00:25)} hxg6 {(00:06)} 13. e4 {
(00:17)} Nxc3 {(00:51)} 14. Qxc3 {(00:40)} Rc8 {(
11:42)} 15. O-O-O {(05:24)} c5 {(09:52)} 16. Bf4 {(23:38)}
Bd6 {(00:47)} 17. Bxd6 {(01:44)} Qxd6 {(00:10)} 18. d5 {
(18:16)} e5 {(01:34)} 19. h4 {(07:10)} Nf6 {(09:31]
} 20. Bb5+ {(13:36)} Kf8 {(01:31)} 21. f4 {(09:47)} Nxe4 {
(00:50)} 22. Qf3 {(03:57)} f5 {(01:16)} 23. Bd3 {(
02:12)} exf4 {(18:56)} 24. Bxe4 {(00:06)} fxe4 {(00:05)}
25. Qxe4 {(00:38)} Re8 {(03:28)} 26. Qxf4+ {(00:16)} Qxf4+
{(00:05)} 27. gxf4 {(00:06)} Re4 {(00:45)} 28. d6 {
(02:44)} Kf7 {(03:18)} 29. Rhe1 {(03:02)} Rxe1 {(
00:45)} 30. Rxe1 {(00:02)} Re8 {(00:07)} 31. Re5 {(00:36)}
b6 {(00:33)} 32. Kc2 {(02:09)} Re6 {(00:43)} 33. Rd5 {
(00:22)} Ke8 {(00:15)} 34. d7+ {(00:56)} Kd8 {(00:
02)} 35. f5 {(01:03)} gxf5 {(00:29)} 36. Rxf5 {(00:11)}
Kxd7 {(00:22)} 37. Rg5 {(00:29)} Re7 {(00:43)} 38. h5 {
(00:26)} Ke8 {(01:01)} 39. a3 {(00:32)} Kf7 {(05:
24)} 40. Kd3 {(00:00)} Re6 {(00:00)} 41. Kc4 {(09:04)} a6
{(09:31)} 42. b3 {(05:33)} Kg8 {(06:19)} 43. Kd5 {(
02:51)} Rf6 {(10:37)} 44. a4 {(01:23)} Kh7 {(01:28)} 45.
Kc4 {(07:12)} Kh6 {(03:35)} 46. Re5 {(03:46)} Rf4+ {
(02:24)} 47. Kc3 {(00:12)} Rf1 {(00:35)} 48. Kd2 {(
01:32)} Rf3 {(02:07)} 49. Re6+ {(01:01)} Kxh5 {(08:49)}
50. Rxb6 {(00:04)} g5 {(01:20)} 51. Rxa6 {(02:09)} Rxb3 {
(01:39)} 52. a5 {(00:36)} Ra3 {(02:27)} 53. Ra8 {(
00:22)} g4 {(00:49)} 54. a6 {(01:25)} Kh4 {(00:05)} 55.
Kc2 {(00:45)} c4 {(01:54)} 56. Kb2 {(00:57)} Rb3+ {
(00:20)} 57. Kc2 {(00:01)} Kg3 {(00:29)} 58. Rc8 {(
00:45)} Ra3 {(00:32)} 59. Rc6 {(00:46)} Kf3 {(01:58)} 60.
Kb2 {(00:17)} Ra4 {(01:00)} 61. Kc3 {(00:19)} g3 {(
00:30)} 62. Rf6+ {(00:15)} Ke4 {(01:26)} 63. Kb2 {(01:10)}
Ra5 {(02:07)} 64. Rg6 {(00:10)} Kf4 {(00:16)} 65. Kc3 {
(00:31)} Ra4 {(00:12)} 66. Kd4 {(00:29)} c3+ {(00:
51)} 67. Kd3 {(00:50)} Ra2 {(00:41)} 68. Kxc3 {(00:18)}
Kf5 {(00:12)} 69. Kb3 {(00:09)} Ke5 1/2-1/2

[Event "42nd Olympiad Baku 2016 Open"]
[Site "Baku"]
[Date "2016.09.04"]
[Round "3.24"]
[White "Can, Emre"]
[Black "Moroni, Luca Jr"]
[Result "0-1"]
[ECO "D52"]
[WhiteElo "2565"]
[BlackElo "2459"]
[Annotator ""]
[PlyCount "80"]
[EventDate "2016.??.??"]
[EventCountry "AZE"]
[SourceTitle "playchess.com"]
[Source "ChessBase"]
[WhiteTeam "Turkey"]
[BlackTeam "Italy"]
[WhiteTeamCountry "TUR"]
[BlackTeamCountry "ITA"]
[TimeControl "40/5400+30:1800+30"]

1. Nf3 {(00:00)} Nf6 {(00:00)} 2. d4 {(00:09)} d5 {
(00:00)} 3. c4 {(00:29)} e6 {(00:20)} 4. Nc3 {(00:
30)} c6 {(00:18)} 5. Bg5 {(00:16)} Nbd7 {(00:31)} 6. e3 {
(00:36)} Qa5 {(00:25)} 7. Nd2 {(01:51)} Bb4 {(00:
38)} 8. Qc2 {(00:14)} O-O {(01:19)} 9. Be2 {(00:09)} e5 {
(00:44)} 10. O-O {(00:43)} exd4 {(01:15)} 11. Nb3 {
(00:44)} Qb6 {(01:08)} 12. exd4 {(00:08)} dxc4 {(
02:42)} 13. Bxc4 {(00:24)} a5 {(03:15)} 14. Ne4 {(00:30)}
Be7 {(07:08)} 15. Rfe1 {(07:26)} Qd8 {(06:01)} 16. Bd3 {
(11:32)} h6 {(06:37)} 17. Bh4 {(01:09)} Nxe4 {(04:
37)} 18. Bxe7 {(00:11)} Qxe7 {(00:04)} 19. Rxe4 {(06:26)}
Qd6 {(02:43)} 20. Rae1 {(13:29)} Nf6 {(05:18)} 21. Rh4 {
(14:52)} Be6 {(16:40)} 22. Nc5 {(04:00)} Bd5 {(04:
49)} 23. Qc1 {(02:16)} Rfe8 {(05:21)} 24. Re3 {(01:57)}
Rxe3 {(05:42)} 25. fxe3 {(00:53)} Bxa2 {(02:03)} 26. Nxb7
{(09:41)} Qb4 {(02:49)} 27. Nc5 {(00:07)} Rb8 {(02:
36)} 28. b3 {(00:49)} Re8 {(01:21)} 29. Bc4 {(10:44)} a4 {
(02:57)} 30. Nxa4 {(00:21)} Bxb3 {(00:07)} 31. Bxb3 {
(00:42)} Qxb3 {(00:02)} 32. Nc3 {(00:28)} Qc4 {(04:
00)} 33. Qe1 {(06:38)} Qd3 {(02:39)} 34. Nd1 {(00:11)} Nd5
{(01:18)} 35. Kf2 {(00:26)} Ra8 {(01:26)} 36. Qe2 {
(02:37)} Qb1 {(01:32)} 37. Qg4 {(01:39)} f5 {(01:
23)} 38. Qf3 {(00:43)} Ra1 {(00:41)} 39. e4 {(01:03)} Nf6
{(01:39)} 40. Nc3 {(00:00)} Qe1# {(00:00)} 0-1